 Dungeon Crawl Stone Soup version 0.20.0-14-g326068f (webtiles) character file.

340278 Jmtistic the Corrupter of Planes (level 21, 0/182 HPs)
             Began as a Demonspawn Abyssal Knight on June 7, 2017.
             Was the Champion of Lugonu.
             Slain by a tengu warrior
             ... wielding a +0 battleaxe
             ... summoned by a glowing orange brain
              (1 damage)
             ... on level 2 of the Depths on June 9, 2017.
             The game lasted 06:51:15 (52830 turns).

Jmtistic the Corrupter of Planes (DsAK)            Turns: 52830, Time: 06:51:15

Health: 0/182      AC: 31    Str: 23    XL:     21   Next: 6%
Magic:  44/44      EV:  2    Int: 14    God:    Lugonu [******]
Gold:   2562       SH:  0    Dex: 16    Spells: 20/20 levels left

rFire    + + .     SeeInvis +   a - +9 quarterstaff (distort)
rCold    . . .     Gourm    .   (shield currently unavailable)
rNeg     + + +     Faith    .   T - +3 fire dragon scales
rPois    ∞         Spirit   .   (helmet unavailable)
rElec    +         Reflect  .   y - +0 cloak {rPois}
rCorr    +         Harm     .   Y - +1 pair of gloves "Yjizum" {rElec MP+9}
MR       +....                  m - +2 pair of boots {run}
Stlth    ..........             W - amulet of Tegeun {rC+ Regen+ Str+2 Dex+2}
Regen    0.8/turn               k - +4 ring of evasion
MPRegen  0.3/turn               R - +2 ring of protection

@: petrified, quick
A: antennae 3, yellow scales 3, demonic guardian 3, spiny 2
}: 2/15 runes: decaying, serpentine
a: Depart the Abyss, Bend Space, Banish, Corrupt, Enter the Abyss, Renounce
Religion


You were on level 2 of the Depths.
You worshipped Lugonu.
Lugonu was exalted by your worship.
You were not hungry.

You visited 7 branches of the dungeon, and saw 38 of its levels.
You visited the Abyss 1 time.
You visited 1 bazaar.
You also visited: Volcano.

You collected 4047 gold pieces.
You spent 1485 gold pieces at shops.

Inventory:

Hand Weapons
 a - a +9 quarterstaff of distortion (weapon)
Armour
 m - a +2 pair of boots of running (worn)
 y - a +0 cloak of poison resistance (worn)
 H - the +1 chain mail of Dogma {MR++ Int+3}
   (You found it on level 4 of the Swamp)

   It affects your intelligence (+3).
   It affects your resistance to hostile enchantments.
 T - +3 fire dragon scales (worn)
 Y - the +1 pair of gloves "Yjizum" (worn) {rElec MP+9}
   (You found it on level 4 of the Lair of Beasts)

   It insulates you from electricity.
   It affects your magic capacity (+9).
Jewellery
 k - a +4 ring of evasion (left hand)
 s - an uncursed ring of protection from cold
 M - an uncursed ring of protection from fire
 R - a +2 ring of protection (right hand)
 W - the amulet of Tegeun (around neck) {rC+ Regen+ Str+2 Dex+2}
   (You bought it in a shop on level 6 of the Dungeon)

   [amulet of regeneration]

   It affects your strength (+2).
   It affects your dexterity (+2).
   It protects you from cold.
   It increases your rate of regeneration.
Wands
 i - a wand of iceblast (7/15)
 w - a wand of digging (3/24)
 G - a wand of lightning (6/15)
 Q - a wand of iceblast (9/15)
Scrolls
 e - 17 scrolls of remove curse
 f - a scroll of silence
 g - 16 scrolls of teleportation
 h - 5 scrolls of fear
 j - 2 scrolls of blinking
 t - 3 scrolls of amnesia
 A - 4 scrolls of recharging
 D - 2 scrolls of identify
 I - 3 scrolls of enchant weapon
 J - a scroll of vulnerability {unknown}
 K - a scroll of summoning
 L - 4 scrolls of magic mapping
 O - a scroll of brand weapon
 S - 2 scrolls of enchant armour
Potions
 l - 3 potions of berserk rage
 n - 5 potions of brilliance
 r - 4 potions of curing
 u - 9 potions of flight
 x - 2 potions of agility
 z - 2 potions of ambrosia
 C - 2 potions of cancellation
 E - 4 potions of haste
 F - 3 potions of heal wounds
 P - 9 potions of mutation
 U - 3 potions of resistance
 V - a potion of invisibility
Books
 p - Sikhlej's Collected Works on Black Rites and Translocation
   (You found it on level 2 of the Vaults)

   Spells                             Type                      Level
   a - Pain                           Necromancy                   1
   b - Blink                          Translocation                2
   c - Portal Projectile              Hexes/Translocation          3
   d - Control Undead                 Necromancy                   4
Comestibles
 c - 13 bread rations
 v - a fruit
 X - 17 royal jellies
 Z - 7 meat rations


   Skills:
 * Level 19.9 Fighting
   Level 8.1 Axes
 - Level 15.9 Staves
 * Level 16.3 Armour
 * Level 10.0 Dodging
 - Level 0.2 Stealth
 * Level 20.3 Invocations
 + Level 1.8 Evocations


You had 20 spell levels left.
You didn't know any spells.

Dungeon Overview and Level Annotations

Branches:
Dungeon (15/15)            Temple (0/1) D:6            Lair (6/6) D:10
  Swamp (4/4) Lair:4        Snake (4/4) Lair:2        Slime (0/5) Lair:6
    Orc (2/2) D:10            Elf (0/3) Orc:2        Vaults (5/5) D:14
  Crypt (0/3) Vaults:2     Depths (2/5) D:15

Altars:
Ashenzari
Dithmenos
Elyvilon
Hepliaklqana
Kikubaaqudgha
Makhleb
Ru
Uskayaw
Zin
The Shining One
Beogh
Jiyva

Shops:
D:6 =   D:13 =   Orc:2 !::=   Depths:1 }(

Portals:
Hell: Depths:1 Depths:2

Annotations:
D:13 corrupted
D:14 exclusion: Roxanne, Roxanne
Lair:6 corrupted
Orc:2 corrupted
Vaults:1 exclusion: orange crystal statue
Vaults:2 Jorgrun
Vaults:5 corrupted
Depths:2 1 transporter
Abyss:1 Asterion, Erolcha, Harold, Jory, Nessos


Innate Abilities, Weirdness & Mutations

You have a pair of large antennae on your head. (SInv)
You are completely covered in yellow scales. (AC +4, rCorr)
A powerful demonic guardian rushes to your aid.
You are mostly covered in sharp spines.


Message History

The deep troll shaman claws you but does no damage.
Your cacodemon gestures at the deep troll.
The glowing orange brain resists with almost no effort.
The deep troll shaman is struck by your spines.
The deep troll shaman bites you!
* * * LOW HITPOINT WARNING * * *
The deep troll shaman claws you but does no damage.
The deep troll shaman claws you.
* * * LOW HITPOINT WARNING * * *
The deep troll shaman calls upon its god to speed up the deep troll.
The deep troll seems to speed up.
The deep troll is struck by your spines.
The deep troll bites you!
* * * LOW HITPOINT WARNING * * *
The deep troll claws you but does no damage. x2
The tengu warrior is struck by your spines.
The tengu warrior hits you but does no damage.
The tengu warrior pecks you but does no damage.
The tengu warrior claws you.
You die...

############# #...........# ###
#...........# ..# #...2.Q.....#
#.# #####....G@T....#
..#####...'.....TT....#
........#.#..........[#
)########.#######################
.# #.# #.......<..# .# #.#
#..........# .# #.# #..........#
.# #.# #..........# (## #.#
#..........#


You could see a tengu warrior, a glowing orange brain, a deep troll, 2 deep
troll shamans and a friendly cacodemon.

Vanquished Creatures
  Mara (Vaults:4)
  the Lernaean hydra (Swamp:4)
  Vashnia (Snake:2)
  Nikola (Swamp:1)
  A tentacled monstrosity (Swamp:2)
  2 liches
  A sphinx (Depths:1)
  A thorn hunter (Swamp:4)
  Kirke (Swamp:1)
  A storm dragon (D:12)
  A tengu reaver (Depths:1)
  5 nagarajas
  2 frost giants
  Louise (Snake:3)
  3 vault wardens
  A deep elf sorcerer (Vaults:2)
  4 ironheart preservers
  7 very ugly things
  6 stone giants
  Azrael (Snake:3)
  5 spark wasps (Depths:2)
  5 fire dragons
  4 ettins
  5 yaktaur captains
  9 naga warriors
  7 rakshasas
  11 vault guards
  2 ice dragons
  3 great orbs of eyes
  A spriggan air mage (Depths:2)
  7 anacondas
  10 hydras
  19 two-headed ogres
  2 centaur warriors
  6 alligators
  3 tengu warriors
  A vampire mage (Depths:1)
  10 ogre magi
  4 deep troll shamans
  A death yak (shapeshifter) (Vaults:4)
  3 deep troll earth magi
  3 death yaks (Lair:4)
  8 shock serpents
  3 deep elf knights
  2 orc high priests (Orc:2)
  16 naga sharpshooters
  2 spriggan berserkers (Depths:2)
  2 iron trolls (Depths:2)
  2 fire crabs (shapeshifter)
  3 unseen horrors
  3 spriggan druids (Swamp:4)
  14 deep trolls
  4 skeletal warriors (Vaults:2)
  A glowing orange brain (Depths:1)
  8 sea snakes (Snake:4)
  12 swamp dragons
  3 naga ritualists
  A lindwurm (Lair:6)
  A flayed ghost (Vaults:2)
  2 deep elf archers
  10 ironbrand convokers
  2 shambling mangroves (Swamp:2)
  A wizard (Vaults:2)
  8 mana vipers
  A wolf spider (Vaults:2)
  9 harpies
  4 necromancers
  9 orc knights
  4 orc sorcerers
  51 ugly things
  5 deep elf magi
  3 salamanders
  A manticore (D:12)
  8 cyclopes
  A salamander (shapeshifter) (D:12)
  7 elephants
  A guardian serpent (shapeshifter) (Depths:1)
  26 black mambas
  The ghost of Zrachosh the Cleaver, a novice HOBe of Trog (D:4)
  13 naga magi
  A molten gargoyle (Lair:6)
  An eye of devastation (Snake:2)
  4 vault sentinels
  18 spiny frogs
  2 efreet
  A komodo dragon (shapeshifter) (Depths:2)
  12 komodo dragons
  21 yaktaurs
  A tengu conjurer (D:15)
  3 rime drakes
  3 freezing wraiths
  2 polar bears (shapeshifter)
  A queen bee (shapeshifter) (Vaults:3)
  13 trolls
  9 hornets
  2 meliai (D:14)
  A blink frog (shapeshifter) (Vaults:3)
  A dream sheep (shapeshifter) (Depths:1)
  11 blink frogs
  7 bog bodies
  4 dream sheep (Lair:4)
  32 slime creatures
  A flying skull (Vaults:2)
  2 spriggans (shapeshifter)
  7 hippogriffs
  A spriggan (Depths:2)
  A vampire (D:11)
  4 water elementals (Depths:2)
  4 shadows
  3 fire elementals (Snake:3)
  13 yaks
  3 humans (shapeshifter)
  A wraith (Vaults:1)
  4 steam dragons
  3 wyverns
  3 basilisks
  A hog (Swamp:1)
  17 humans (D:14)
  15 vampire mosquitoes
  2 hungry ghosts
  11 insubstantial wisps
  52 nagas
  A water moccasin (shapeshifter) (Lair:6)
  30 soldier ants
  15 swamp worms
  Edmund (D:4)
  7 wargs
  The ghost of marsu the Shield-Bearer, an amateur VSFi (D:6)
  An acid dragon (D:12)
  11 water moccasins
  A floating eye (Lair:6)
  5 hell hounds
  3 porcupines
  An ice beast (shapeshifter) (Lair:3)
  A sky beast (shapeshifter) (Lair:2)
  30 orc warriors
  4 ice beasts
  A hornet zombie (D:14)
  An eye of draining (D:12)
  12 swamp drakes
  3 necrophages (D:9)
  5 sky beasts
  A black bear (shapeshifter) (Vaults:1)
  2 phantoms
  5 boggarts
  11 wolves
  20 ogres
  11 centaurs
  8 crocodiles
  2 big kobolds
  16 bullfrogs
  A water moccasin zombie (D:9)
  2 wyvern zombies
  2 scorpions
  A wyvern skeleton (D:13)
  11 killer bees
  10 wights
  2 electric eels (D:10)
  6 howler monkeys
  5 crimson imps
  A bullfrog zombie (D:8)
  5 centaur zombies
  5 lava snakes (Lair:6)
  A jelly (D:6)
  20 orc wizards
  Crazy Yiuf (D:2)
  15 orc priests
  5 centaur skeletons
  5 hounds
  A bullfrog skeleton (D:10)
  4 iguanas
  18 worker ants
  3 hound skeletons
  3 mummies (D:9)
  3 worker ant zombies
  16 adders
  5 shadow imps
  2 oozes
  2 adder zombies
  5 worms
  4 dart slugs
  4 leopard geckos
  80 orcs
  A ball python (D:5)
  8 bats
  6 giant cockroaches
  8 hobgoblins
  8 jackals (D:7)
  2 quokkas
  3 frilled lizards
  13 goblins
  A jackal zombie (D:9)
  13 kobolds
  A quokka skeleton (D:4)
  A quokka zombie (D:6)
  9 rats
1245 creatures vanquished.

Vanquished Creatures (collateral kills)
  Frances (Swamp:2)
  A thorn hunter (Swamp:4)
  A tengu reaver (Vaults:3)
  A frost giant (Vaults:3)
  3 nagarajas (Snake:4)
  4 vault wardens
  A very ugly thing (Depths:1)
  A stone giant (Vaults:2)
  2 ironheart preservers (Vaults:1)
  An ettin (D:15)
  A deep elf death mage (Vaults:2)
  A jiangshi (Vaults:2)
  4 yaktaur captains
  2 vault guards (Vaults:3)
  4 ogre magi
  9 hydras
  2 rakshasas
  2 naga warriors
  A centaur warrior (Vaults:1)
  7 two-headed ogres
  An alligator snapping turtle (Snake:3)
  3 alligators
  3 deep troll earth magi
  3 deep troll shamans
  8 naga sharpshooters
  An orc high priest (Orc:2)
  2 deep elf archers (Vaults:2)
  2 sea snakes (Snake:4)
  6 deep trolls
  3 ironbrand convokers
  A phantasmal warrior (Vaults:2)
  A swamp dragon (Swamp:4)
  A spriggan druid (Swamp:4)
  2 orc knights
  3 harpies
  3 deep elf magi (Vaults:2)
  A mana viper (Snake:4)
  14 ugly things
  2 vault sentinels (Vaults:2)
  3 elephants (Lair:5)
  2 naga magi (Snake:4)
  A guardian serpent (Snake:2)
  3 yaktaurs
  A troll (Vaults:3)
  3 hornets
  A meliai (D:14)
  A hippogriff (Lair:1)
  3 slime creatures (Swamp:4)
  A spriggan (Swamp:4)
  3 yaks
  2 redbacks (Vaults:1)
  A fire bat (shapeshifter) (Depths:1)
  A tarantella (shapeshifter) (Vaults:1)
  A water elemental (Depths:2)
  A fire bat (Snake:4)
  A hungry ghost (D:12)
  2 hogs (Swamp:1)
  A human (D:14)
  3 vampire mosquitoes (Swamp:1)
  2 insubstantial wisps (Swamp:2)
  9 nagas
  A hell hound (Lair:6)
  A floating eye (Depths:1)
  7 orc warriors
  2 swamp drakes (Swamp:4)
  A wolf (Lair:1)
  3 ogres
  2 bullfrogs
  A howler monkey (D:12)
  An orc priest (Orc:2)
  An orc wizard (D:3)
  Natasha (thrice) (D:2)
  2 worker ants (Lair:4)
  A shadow imp (D:6)
  An adder zombie (D:9)
  12 orcs
  A quokka (D:12)
  4 kobolds (D:6)
  2 rats
201 creatures vanquished.

Vanquished Creatures (others)
  A tentacled monstrosity (Vaults:4)
  3 frost giants
  3 orc warlords (Orc:2)
  The ghost of morra the Thaumaturge, an adept VSTm of Makhleb (Snake:4)
  3 ironheart preservers
  2 stone giants
  2 entropy weavers
  A spark wasp (Depths:2)
  A merfolk javelineer (Depths:2)
  2 fire dragons (Lair:6)
  An ogre mage (Depths:1)
  7 vault guards
  The ghost of Angani the Party-goer, a journeyman VSAM of Uskayaw (Volcano)
  2 hydras
  A centaur warrior (D:15)
  5 two-headed ogres
  A queen ant (Lair:4)
  A tengu warrior (Depths:2)
  An orc high priest (Orc:2)
  A vampire mage (Depths:2)
  Sonja (Orc:2)
  4 slime creatures
  The ghost of marsu the Impaler, a novice MiFi of Okawaru (D:8)
  A sea snake (Snake:4)
  A skeletal warrior (Vaults:2)
  7 deep trolls
  3 deep elf archers
  3 orc knights
  2 ironbrand convokers
  7 ugly things
  A wolf spider zombie (D:15)
  A manticore (D:13)
  3 orc sorcerers
  A cyclops (D:13)
  A deep elf mage (Vaults:3)
  An elephant (Lair:6)
  A vault sentinel (Vaults:2)
  A gargoyle (Volcano)
  2 naga magi (Snake:4)
  A molten gargoyle (Lair:6)
  A komodo dragon (Lair:6)
  7 rime drakes (Lair:6)
  2 efreet
  An ice devil (Depths:2)
  3 yaktaurs
  2 trolls
  A hornet (Vaults:3)
  A bog body (Swamp:4)
  A hippogriff (Lair:6)
  A flying skull (Vaults:2)
  A vampire (D:12)
  A spriggan (Swamp:4)
  2 yaks (Lair:6)
  A wyvern (Lair:6)
  2 basilisks
  10 steam dragons (Lair:6)
  A hog (shapeshifter) (Vaults:4)
  A warg (Orc:2)
  A water moccasin (Lair:6)
  A porcupine (Lair:4)
  2 sky beasts
  An ice beast (D:14)
  15 orc warriors
  2 humans
  2 ogres
  An eye of draining (D:15)
  2 centaurs
  A crocodile (Lair:6)
  2 earth elementals (Volcano)
  5 orc priests (Orc:2)
  4 orc wizards
  A worker ant (D:14)
  19 orcs
  8 fungi
  45 plants
  35 starspawn tentacles
269 creatures vanquished.

Grand Total: 1715 creatures vanquished

Notes
Turn   | Place    | Note
-------+----------+-------------------------------------------
     0 | Abyss:1  | Jmtistic the Demonspawn Abyssal Knight began the quest for the Orb.
     0 | Abyss:1  | Reached XP level 1. HP: 18/18 MP: 2/2
     6 | D:1      | Escaped the Abyss
   286 | D:1      | Gained mutation: You are partially covered in yellow scales. (AC +2) [demonic ancestry]
   286 | D:1      | Reached XP level 2. HP: 4/24 MP: 3/3
   805 | D:1      | Reached * piety under Lugonu
  1303 | D:2      | Gained mutation: A weak demonic guardian rushes to your aid. [demonic ancestry]
  1303 | D:2      | Reached XP level 3. HP: 17/29 MP: 4/4
  1932 | D:2      | Found a runed door.
  1936 | D:2      | Noticed Crazy Yiuf
  1945 | D:2      | Killed Crazy Yiuf
  2316 | D:2      | Gained mutation: You are mostly covered in yellow scales. (AC +3) [demonic ancestry]
  2316 | D:2      | Reached XP level 4. HP: 33/35 MP: 5/5
  2330 | D:2      | Noticed Natasha
  2333 | D:2      | Killed Natasha
  2340 | D:2      | Noticed Natasha
  2346 | D:2      | Killed Natasha
  2497 | D:2      | Found an ancient bone altar of Kikubaaqudgha.
  2498 | D:2      | Noticed a human
  2502 | D:2      | Killed a human
  2508 | D:2      | Reached ** piety under Lugonu
  2610 | D:2      | Noticed Natasha
  2616 | D:2      | Killed Natasha
  2776 | D:2      | Reached skill level 3 in Invocations
  2776 | D:2      | Gained mutation: You are partially covered in sharp spines. [demonic ancestry]
  2776 | D:2      | Reached XP level 5. HP: 41/41 MP: 7/7
  3105 | D:3      | Reached skill level 1 in Staves
  3178 | D:3      | Found a shattered altar of Ashenzari.
  3974 | D:4      | Noticed Zrachosh's ghost (novice HOBe)
  4017 | D:4      | Killed Zrachosh's ghost
  4017 | D:4      | Gained mutation: You have a pair of small antennae on your head. [demonic ancestry]
  4017 | D:4      | Reached XP level 6. HP: 40/48 MP: 8/8
  4017 | D:4      | Reached XP level 7. HP: 45/53 MP: 9/9
  4036 | D:4      | Noticed Edmund
  4053 | D:4      | Killed Edmund
  4053 | D:4      | Reached *** piety under Lugonu
  4158 | D:4      | Found a hide-covered altar of Uskayaw.
  4196 | D:4      | Noticed a two-headed ogre
  4455 | D:4      | Reached skill level 4 in Invocations
  5168 | D:5      | Entered Level 5 of the Dungeon
  5386 | D:5      | Gained mutation: You have a pair of antennae on your head. [demonic ancestry]
  5386 | D:5      | Reached XP level 8. HP: 60/60 MP: 11/11
  5610 | D:6      | Noticed marsu's ghost (amateur VSFi)
  5621 | D:6      | Killed marsu's ghost
  5703 | D:6      | Reached skill level 5 in Staves
  5718 | D:6      | Found a burning altar of Makhleb.
  5746 | D:6      | Reached skill level 5 in Armour
  5786 | D:6      | Found Laypnat's Jewellery Shop.
  5909 | D:6      | Reached **** piety under Lugonu
  6082 | D:6      | Found a staircase to the Ecumenical Temple.
  6119 | D:6      | Reached skill level 5 in Invocations
  6403 | D:7      | Found a glowing golden altar of the Shining One.
  7215 | D:8      | Noticed a two-headed ogre
  7216 | D:8      | Banished a two-headed ogre
  7216 | D:8      | Reached XP level 9. HP: 66/66 MP: 13/13
  7243 | D:8      | Noticed a two-headed ogre
  7277 | D:8      | Banished a two-headed ogre
  7338 | D:8      | Found a hazy altar of Hepliaklqana.
  7504 | D:8      | Reached skill level 6 in Invocations
  7755 | D:8      | Reached skill level 5 in Fighting
  7970 | D:8      | You fall through a shaft for 3 floors!
  8052 | D:11     | Noticed a two-headed ogre
  8053 | D:11     | Banished a two-headed ogre
  8141 | D:11     | Reached skill level 5 in Axes
  8395 | D:11     | Gained mutation: You have a pair of large antennae on your head. (SInv) [demonic ancestry]
  8395 | D:11     | Reached XP level 10. HP: 74/74 MP: 15/15
  8935 | D:11     | Reached skill level 7 in Invocations
  9354 | D:10     | Entered Level 10 of the Dungeon
  9740 | D:10     | Noticed Erolcha
  9753 | D:10     | Paralysed by Erolcha for 5 turns
  9759 | D:10     | Banished Erolcha
 10263 | D:10     | Reached skill level 10 in Staves
 10442 | D:10     | Reached ***** piety under Lugonu
 10480 | D:10     | Found a staircase to the Lair.
 10503 | D:10     | Noticed a two-headed ogre
 10508 | D:10     | Banished a two-headed ogre
 10735 | D:10     | Found a staircase to the Orcish Mines.
 10885 | D:10     | You fall through a shaft for 3 floors!
 10966 | D:13     | Corrupted D:13
 10966 | D:13     | Noticed a tentacled starspawn
 10966 | D:13     | Noticed a great orb of eyes
 10966 | D:13     | Noticed a lich
 10966 | D:13     | Noticed a thrashing horror
 10966 | D:13     | Noticed a worldbinder
 10966 | D:13     | Noticed an ancient lich
 10966 | D:13     | Noticed a glowing orange brain
 10966 | D:13     | Noticed an apocalypse crab
 10968 | D:13     | Noticed a smoke demon
 11011 | D:13     | Noticed a lich
 11072 | D:12     | Reached skill level 8 in Invocations
 11072 | D:12     | Reached XP level 11. HP: 49/81 MP: 15/17
 11408 | D:12     | Noticed a two-headed ogre
 11439 | D:12     | Banished a two-headed ogre
 11931 | D:9      | Found a white marble altar of Elyvilon.
 11931 | D:9      | Found an ancient bone altar of Kikubaaqudgha.
 11932 | D:9      | Found a sacrificial altar of Ru.
 12254 | D:9      | Found a glowing silver altar of Zin.
 12732 | D:8      | Noticed marsu's ghost (novice MiFi)
 12732 | D:8      | Banished marsu's ghost
 12732 | D:8      | Reached skill level 9 in Invocations
 13204 | D:6      | Bought the amulet of Tegeun {rC+ Regen+ Str+2 Dex+2} for 576 gold pieces
 13365 | Lair:1   | Entered Level 1 of the Lair of Beasts
 13748 | Lair:1   | Found a dark tunnel.
 13890 | Volcano  | Entered a volcano
 13896 | Volcano  | Corrupted Volcano
 13896 | Volcano  | Noticed a tentacled starspawn
 13896 | Volcano  | Noticed a starcursed mass
 13896 | Volcano  | Noticed a necromancer
 13896 | Volcano  | Noticed a thrashing horror
 13896 | Volcano  | Noticed a tentacled starspawn
 13901 | Volcano  | Noticed a starcursed mass
 13902 | Volcano  | Noticed a starcursed mass
 13904 | Volcano  | Noticed a tentacled starspawn
 13908 | Volcano  | Killed Angani's ghost
 13933 | Volcano  | Noticed a stone giant
 13936 | Volcano  | Noticed a starcursed mass
 13945 | Volcano  | Killed a stone giant
 13982 | Volcano  | Noticed a tentacled starspawn
 14825 | Lair:2   | Noticed a seven-headed hydra
 14839 | Lair:2   | Killed a seven-headed hydra
 14839 | Lair:2   | Reached XP level 12. HP: 68/89 MP: 19/19
 15187 | Lair:2   | Found a staircase to the Snake Pit.
 15670 | Lair:3   | Noticed Harold
 15676 | Lair:3   | Banished Harold
 15855 | Lair:3   | Identified a +1 pair of boots of running (You found it on level 3 of the Lair of Beasts)
 16642 | Lair:4   | Reached skill level 10 in Invocations
 16990 | Lair:4   | Found a staircase to the Swamp.
 17097 | Lair:4   | Noticed an entropy weaver
 17140 | Lair:4   | Banished an entropy weaver
 17235 | Lair:4   | Noticed a queen ant
 17236 | Lair:4   | Noticed an entropy weaver
 17267 | Lair:4   | Banished an entropy weaver
 17281 | Lair:4   | Banished a queen ant
 17524 | Lair:4   | Noticed an eight-headed hydra
 17560 | Lair:4   | Banished an eight-headed hydra
 17612 | Lair:4   | Gained mutation: You are completely covered in yellow scales. (AC +4, rCorr) [demonic ancestry]
 17612 | Lair:4   | Reached XP level 13. HP: 96/96 MP: 20/20
 17620 | Lair:4   | Reached skill level 10 in Armour
 17843 | Lair:4   | Got a pair of transparent gloves
 17849 | Lair:4   | Identified the +1 pair of gloves "Yjizum" {rElec MP+9} (You found it on level 4 of the Lair of Beasts)
 17965 | Lair:4   | Reached skill level 11 in Invocations
 17978 | Lair:4   | Noticed a frost giant
 17978 | Lair:4   | a death yak changed into a frost giant
 17984 | Lair:4   | Banished a frost giant
 18388 | Lair:5   | Got a faintly glowing leather armour
 18399 | Lair:5   | Identified the +2 leather armour of Vupnef {Dex+4} (You found it on level 5 of the Lair of Beasts)
 19005 | Lair:6   | Entered Level 6 of the Lair of Beasts
 19161 | Lair:6   | Corrupted Lair:6
 19161 | Lair:6   | Noticed a starcursed mass
 19162 | Lair:6   | Noticed a profane servitor
 19176 | Lair:6   | Noticed a tentacled starspawn
 19260 | Lair:6   | Killed a fire dragon
 19444 | Lair:6   | Found a staircase to the Slime Pits.
 19808 | Lair:6   | Reached skill level 1 in Dodging
 19808 | Lair:6   | Reached skill level 1 in Evocations
 19833 | Lair:6   | Noticed a fire dragon
 19848 | Lair:6   | Found a large runed door.
 19848 | Lair:6   | Found a large runed door.
 19951 | Lair:6   | Banished a fire dragon
 20337 | Lair:6   | Identified the Guide on Creative Fire
 20830 | Orc:1    | Entered Level 1 of the Orcish Mines
 20875 | Orc:1    | Found a roughly hewn altar of Beogh.
 21090 | Orc:2    | Entered Level 2 of the Orcish Mines
 21090 | Orc:2    | Found a staircase to the Elven Halls.
 21090 | Orc:2    | Noticed Sonja
 21090 | Orc:2    | Noticed an orc warlord
 21091 | Orc:2    | Corrupted Orc:2
 21091 | Orc:2    | Noticed a tentacled starspawn
 21091 | Orc:2    | Noticed a lorocyproca
 21091 | Orc:2    | Noticed a tentacled starspawn
 21093 | Orc:2    | Killed Sonja
 21094 | Orc:2    | Noticed a bone dragon
 21098 | Orc:2    | Noticed a tentacled starspawn
 21098 | Orc:2    | Noticed a tentacled starspawn
 21099 | Orc:2    | Killed an orc warlord
 21591 | Orc:2    | Noticed an orc warlord
 21627 | Orc:2    | Reached skill level 12 in Invocations
 21870 | Orc:2    | Banished an orc warlord
 21870 | Orc:2    | Gained mutation: A demonic guardian rushes to your aid. [demonic ancestry]
 21870 | Orc:2    | Reached XP level 14. HP: 81/106 MP: 23/23
 22330 | Orc:2    | Found Biriasou's Jewellery Shoppe.
 22330 | Orc:2    | Found Iritut's Distillery.
 22332 | Orc:2    | Found Ohopoin's Book Shoppe.
 22332 | Orc:2    | Found Xydob's Book Shop.
 22369 | Orc:2    | Bought a potion of heal wounds for 85 gold pieces
 22369 | Orc:2    | Bought a potion of heal wounds for 85 gold pieces
 22374 | Orc:2    | Bought an uncursed ring of poison resistance for 240 gold pieces
 22543 | Orc:2    | Noticed an orc warlord
 22615 | Orc:2    | Banished an orc warlord
 23148 | Swamp:1  | Entered Level 1 of the Swamp
 23159 | Swamp:1  | Noticed Kirke
 23182 | Swamp:1  | Killed Kirke
 23383 | Swamp:1  | Reached skill level 13 in Invocations
 23391 | Swamp:1  | Noticed Nikola
 23415 | Swamp:1  | Killed Nikola
 23415 | Swamp:1  | Reached skill level 10 in Fighting
 24045 | Swamp:2  | Noticed a tentacled monstrosity
 24057 | Swamp:2  | Killed a tentacled monstrosity
 24806 | Swamp:2  | Reached skill level 15 in Staves
 24811 | Swamp:2  | Reached skill level 14 in Invocations
 25216 | Swamp:2  | Noticed Frances
 25273 | Swamp:2  | Killed Frances
 25273 | Swamp:2  | Reached XP level 15. HP: 51/117 MP: 25/25
 25984 | Swamp:4  | Entered Level 4 of the Swamp
 26282 | Swamp:4  | Got a spiked chain mail
 26293 | Swamp:4  | Identified the +1 chain mail of Dogma {MR++ Int+3} (You found it on level 4 of the Swamp)
 26351 | Swamp:4  | Noticed a thorn hunter
 26360 | Swamp:4  | Killed a thorn hunter
 26471 | Swamp:4  | Noticed a thorn hunter
 26482 | Swamp:4  | Killed a thorn hunter
 26801 | Swamp:4  | Noticed the 27-headed Lernaean hydra
 27092 | Swamp:4  | Killed the 27-headed Lernaean hydra
 27174 | Swamp:4  | Got a decaying rune of Zot
 27282 | Swamp:4  | Reached skill level 15 in Invocations
 27937 | Snake:1  | Entered Level 1 of the Snake Pit
 28890 | Snake:2  | Gained mutation: You are mostly covered in sharp spines. [demonic ancestry]
 28890 | Snake:2  | Reached XP level 16. HP: 130/130 MP: 27/27
 28933 | Snake:2  | Reached skill level 5 in Dodging
 29701 | Snake:2  | Noticed Vashnia
 30431 | Snake:2  | Killed Vashnia
 32239 | Snake:3  | Noticed Azrael
 32255 | Snake:3  | Killed Azrael
 32329 | Snake:3  | Noticed Louise
 32361 | Snake:3  | Killed Louise
 32475 | Snake:3  | Noticed Asterion
 32477 | Snake:3  | Banished Asterion
 32964 | Snake:4  | Entered Level 4 of the Snake Pit
 33386 | Snake:4  | Reached XP level 17. HP: 94/140 MP: 28/28
 33693 | Snake:4  | Reached ****** piety under Lugonu
 33842 | Snake:4  | Reached skill level 16 in Invocations
 33936 | Snake:4  | Reached skill level 15 in Fighting
 34586 | Snake:4  | Identified a +9 quarterstaff of distortion (a +7 quarterstaff of chaos corrupted by Lugonu)
 34586 | Snake:4  | Received a gift from Lugonu
 34617 | Snake:4  | Got a serpentine rune of Zot
 35209 | Snake:4  | Noticed morra's ghost (adept VSTm)
 35258 | Snake:4  | Banished morra's ghost
 36103 | D:12     | Paralysed by a great orb of eyes for 2 turns
 36472 | D:12     | Got a warped broad axe
 36480 | D:12     | Identified the +3 broad axe of the Badger {venom, rC+} (You found it on level 12 of the Dungeon)
 36743 | D:13     | Got a smoking chain mail
 36768 | D:12     | Identified the +5 chain mail of Democracy {rPois} (You found it on level 13 of the Dungeon)
 37220 | D:13     | Noticed Nessos
 37254 | D:13     | Banished Nessos
 37598 | D:13     | Found Usatante's Jewellery Shop.
 38241 | D:6      | Bought a +4 ring of evasion for 396 gold pieces
 38508 | D:14     | Found a shadowy altar of Dithmenos.
 38686 | D:14     | Noticed Roxanne
 38926 | D:14     | Found a gate to the Vaults.
 39387 | D:15     | Entered Level 15 of the Dungeon
 39730 | D:15     | Found a staircase to the Depths.
 39797 | D:15     | Gained mutation: A powerful demonic guardian rushes to your aid. [demonic ancestry]
 39797 | D:15     | Reached XP level 18. HP: 135/151 MP: 25/30
 40249 | D:15     | Found a sacrificial altar of Ru.
 40320 | D:15     | Found a glowing golden altar of the Shining One.
 40817 | Vaults:1 | Entered Level 1 of the Vaults
 42092 | Vaults:1 | Reached skill level 17 in Invocations
 42642 | Vaults:2 | Noticed Jory
 43106 | Vaults:2 | Noticed Jorgrun
 43490 | Vaults:2 | Reached XP level 19. HP: 161/161 MP: 31/31
 43807 | Vaults:2 | Identified Sikhlej's Collected Works on Black Rites and Translocation
 44263 | Vaults:2 | Found a staircase to the Crypt.
 44654 | Vaults:2 | Reached skill level 18 in Invocations
 45296 | Vaults:3 | Found a flickering gateway to a bazaar.
 45305 | Bazaar   | Entered a bazaar
 45307 | Bazaar   | Found Ollerphex's Assorted Antiques.
 45311 | Bazaar   | Found Zegir's Jewellery Boutique.
 45311 | Bazaar   | Found Fanur's Magic Scroll Boutique.
 45311 | Bazaar   | Found Toawav's Weapon Boutique.
 45350 | Bazaar   | Bought a scroll of blinking for 67 gold pieces
 45350 | Bazaar   | Bought a scroll of identify for 18 gold pieces
 45350 | Bazaar   | Bought a scroll of identify for 18 gold pieces
 45458 | Vaults:3 | Reached skill level 15 in Armour
 46932 | Vaults:3 | Reached skill level 19 in Invocations
 47430 | Vaults:4 | Noticed Mara
 47446 | Vaults:4 | Killed Mara
 48189 | Vaults:4 | Reached XP level 20. HP: 90/172 MP: 33/33
 48969 | Vaults:5 | Entered Level 5 of the Vaults
 48970 | Vaults:5 | Corrupted Vaults:5
 49278 | Vaults:1 | Banished Jory
 49468 | Depths:1 | Entered Level 1 of the Depths
 49858 | Depths:1 | Paralysed by a floating eye for 3 turns
 50419 | Depths:1 | Paralysed by an ogre mage for 7 turns
 50556 | Depths:1 | Found Likhlaemno's Antique Weapon Emporium.
 50749 | Depths:1 | Found Ytruax Juda's Gadget Shoppe.
 50906 | Depths:1 | Reached skill level 20 in Invocations
 51043 | Depths:1 | Found a gateway to Hell.
 51570 | Depths:2 | Paralysed by a great orb of eyes for 4 turns
 52041 | Depths:2 | Found a transporter.
 52056 | Depths:2 | Found a viscous altar of Jiyva.
 52164 | Depths:2 | Reached skill level 10 in Dodging
 52536 | Depths:2 | Reached XP level 21. HP: 165/182 MP: 35/35
 52830 | Depths:2 | HP: 8/182 [deep troll shaman[a glowing orange brain] (8)]
 52830 | Depths:2 | HP: 1/182 [deep troll[a glowing orange brain] (6)]
 52830 | Depths:2 | Slain by a tengu warrior

Skill      XL: |  1  2  3  4  5  6  7  8  9 10 11 12 13 14 15 16 17 18 19 20 |
---------------+-------------------------------------------------------------+-----
Axes           | 2 3 4 5 6 7 8 |  8.1
Armour         | 2 3 4 5 6 7 8 9 10 12 13 14 15 16 | 16.3
Invocations    | 3 4 5 6 8 9 10 12 14 15 16 17 19 20 | 20.3
Staves         | 3 4 7 8 10 11 13 14 15 | 15.9
Fighting       | 4 5 6 7 8 10 13 14 16 17 18 19 | 19.9
Dodging        | 1 3 4 6 7 8 9 10 | 10.0
Evocations     | 1 |  1.8
Stealth        | |  0.2

Action                   |  1- 3 |  4- 6 |  7- 9 | 10-12 | 13-15 | 16-18 | 19-21 || total
-------------------------+-------+-------+-------+-------+-------+-------+-------++-------
Melee: Hand axe          |    92 |       |       |       |       |       |       ||    92
       Quarterstaff      |    13 |    89 |   208 |   808 |  1207 |  1770 |  1402 ||  5497
Invok: Depart the Abyss  |     1 |       |       |       |       |       |       ||     1
       Banish            |       |       |     3 |    15 |    18 |    13 |    24 ||    73
       Corrupt           |       |       |       |     2 |     2 |       |     1 ||     5
       Bend Space        |       |       |       |     2 |     9 |       |       ||    11
       Brand Weapon With |       |       |       |       |       |     1 |       ||     1
Evoke: Wand              |       |       |       |     3 |     6 |     2 |     2 ||    13
  Use: Scroll            |       |     2 |     9 |    14 |    17 |    10 |     6 ||    58
       Potion            |       |       |       |     6 |    11 |    18 |     4 ||    39
 Stab: Sleeping          |     1 |       |       |       |       |       |       ||     1
       Distracted        |       |     1 |       |     5 |     8 |     4 |     2 ||    20
       Paralysed         |       |     3 |     6 |    11 |    14 |    15 |       ||    49
       Petrified         |       |       |       |     8 |       |       |       ||     8
       Confused          |       |       |       |     5 |     4 |     1 |       ||    10
       Petrifying        |       |       |       |       |     4 |     7 |       ||    11
  Eat: Chunk             |     4 |     4 |     8 |    15 |     9 |    10 |     1 ||    51
       Royal jelly       |       |     1 |     1 |     1 |     2 |     2 |     3 ||    10
       Bread ration      |       |       |     1 |     2 |     3 |     6 |       ||    12
       Meat ration       |       |       |       |     2 |     3 |     3 |     3 ||    11
       Fruit             |       |       |       |     3 |     2 |     2 |    12 ||    19
Armor: Leather armour    |    14 |       |       |       |       |       |       ||    14
       Ring mail         |     5 |    10 |       |       |       |       |       ||    15
       Scale mail        |       |    23 |     1 |       |       |       |       ||    24
       Chain mail        |       |       |    91 |       |   115 |   268 |   230 ||   704
       Plate armour      |       |       |    21 |   399 |   711 |   609 |   185 ||  1925
       Fire dragon scale |       |       |       |       |       |       |   151 ||   151
Dodge: Dodged            |    46 |    25 |    53 |   155 |   381 |   705 |   715 ||  2080
